 Dungeon Crawl Stone Soup version 0.32-a0-22-g6ae6769602 (webtiles) character file.

Game seed: 6360884204298114115

1964 Malachi the Firebug (level 8, -2/57 HPs)
             Began as a Demigod Fire Elementalist on Jan 18, 2024.
             Slain by a two-headed ogre
             ... wielding a +0 giant spiked club
              (27 damage)
             ... on level 7 of the Dungeon.
             The game lasted 00:10:42 (7578 turns).

Malachi the Firebug (Demigod Fire Elementalist)     Turns: 7578, Time: 00:10:42

Health: -2/57      AC:  3    Str:  9    XL:     8   Next: 68%
Magic:  21/29      EV: 12    Int: 25    God:
Gold:   423        SH:  0    Dex: 14    Spells: 8/18 levels left

rFire   . . .        d - +2 short sword (elec)
rCold   + + .        (no shield)
rNeg    . . .        a - +1 robe
rPois   .            (no helmet)
rElec   .            (no cloak)
rCorr   .            (no gloves)
SInv    .            (no boots)
Will    .....        (no amulet)
Stlth   ++           i - ring "Allih" {rC+ MP+9}
HPRegen 0.29/turn    j - ring of protection from cold
MPRegen 0.21/turn

%: no passive effects
@: no status effects
A: high MP 1, forlorn, divine attributes
a: no special abilities


You were on level 7 of the Dungeon.
You visited 1 branch of the dungeon, and saw 7 of its levels.

You collected 423 gold pieces.

Inventory:

Hand Weapons
 d - a +2 short sword of electrocution (weapon)
Armour
 a - a +1 robe (worn)
Jewellery
 i - the ring "Allih" (left hand) {rC+ MP+9}
   (You found it on level 2 of the Dungeon)

   [ring of magical power]

   rC+:       It protects you from cold.
   MP+9:      It affects your magic capacity (+9).
 j - a ring of protection from cold (right hand)
Scrolls
 c - 2 scrolls of silence
 e - a scroll of teleportation
 k - a scroll of immolation
 n - a scroll of enchant armour
 q - a scroll of brand weapon
 r - 3 scrolls of revelation
 v - a scroll of fear
Potions
 b - 2 potions of magic
 f - a potion of ambrosia {unknown}
 g - 4 potions of curing
 l - 3 potions of berserk rage {unknown}
 m - a potion of haste {unknown}
 p - a potion of might {unknown}
 u - a potion of heal wounds {unknown}


   Skills:
 - Level 1.7 Dodging
 - Level 1.7 Stealth
 + Level 5.9 Spellcasting
 + Level 6.1 Conjurations
 + Level 6.7 Fire Magic


You had 8 spell levels left.
You knew the following spells:

 Your Spells              Type           Power      Damage    Failure   Level
a - Foxfire               Conj/Fire      100%       2x1d9     1%          1
b - Scorch                Fire           82%        2d8       1%          2
c - Volatile Blastmotes   Fire/Tloc      48%        2d14      5%          3
d - Flame Wave            Conj/Fire      39%        2d11      5%          4

Your spell library contained the following spells:

 Spells                   Type           Power      Damage    Failure   Level
 Sting                    Conj/Alch      88%        1d8       2%          1
 Inner Flame              Hex/Fire       24%        N/A       5%          3
 Apportation              Tloc           14%        N/A       8%          1
 Necrotise                Necr           28%        1d5       8%          1
 Summon Small Mammal      Summ           28%        N/A       8%          1
 Ensorcelled Hibernation  Hex/Ice        14%        N/A       12%         2
 Fugue of the Fallen      Necr           7%         N/A       22%         3
 Fulminant Prism          Conj/Alch      11%        3d8       22%         4
 Iskenderun's Mystic Bla  Conj/Tloc      22%        2d6       22%         4
 Anguish                  Hex/Necr       3%         N/A       58%         4


Dungeon Overview and Level Annotations

Branches:
Dungeon (7/15)             Temple (0/1) D:6

Shops:
D:3 (

Annotations:
D:2 1 runed translucent door, exclusion: door, Crazy Yiuf


Innate Abilities, Weirdness & Mutations

You have an increased reservoir of magic. (+10% MP)
You shall have no god before yourself.
Your divine heritage dramatically boosts your attributes as you level up.


Message History

Confirm with . or Enter, or press ? or * to list all spells.
Flames lash the wraith.
The wraith is burned terribly!
You destroy the wraith!
You feel yourself speed up.
Magic restored.
Found a scale mail.
You see here a +0 scale mail.
Found a stone staircase leading down.
You open the door.
A two-headed ogre comes into view.
It is wielding a +0 giant spiked club and a +0 giant club.
Found a scroll of identify.
A two-headed ogre is nearby!
A two-headed ogre is nearby!
Casting: Scorch (safe; 1% risk of failure)
Confirm with . or Enter, or press ? or * to list all spells.
Flames lash the two-headed ogre.
The two-headed ogre is lightly wounded.
The two-headed ogre's fire resistance burns away.
The two-headed ogre misses you. x2
Unknown command.
Unknown command.
Casting: Scorch (safe; 1% risk of failure)
Confirm with . or Enter, or press ? or * to list all spells.
Flames lash the two-headed ogre.
The two-headed ogre is burned terribly!
The two-headed ogre is moderately wounded.
Unknown command.
Unknown command.
Casting: Scorch (safe; 1% risk of failure)
Confirm with . or Enter, or press ? or * to list all spells.
Flames lash the two-headed ogre.
The two-headed ogre is burned terribly!
The two-headed ogre is severely wounded.
The two-headed ogre hits you with a +0 giant spiked club!!
Ouch! That really hurt!
The two-headed ogre barely misses you.
Casting: Scorch (safe; 1% risk of failure)
Confirm with . or Enter, or press ? or * to list all spells.
Flames lash the two-headed ogre.
The two-headed ogre is burned terribly!
The two-headed ogre is severely wounded.
The two-headed ogre hits you with a +0 giant spiked club!!
You die...

.######
#.##.# .##
######
#.##.#
..###....#
#.##.#
#..##....#
#.##.#
....#....##
#.##.#
..........#
##....#
..#..####.#
##...###
..##.#
#[####...##
..##.#
#.##...#@#
..##..
#.#..###O#
..###.#
#.#.## ...
..# .#
#...# #....
..# +#
#..##
#.?...
....#
.......
..>#.##
........
#...##.#
#.........
#### #+#


You could see a two-headed ogre (combustible).

Vanquished Creatures
  Grinder (D:3)
  A wraith (D:7)
  A water moccasin (D:6)
  A black bear (D:5)
  An ogre (D:5)
  A centaur (D:5)
  Blork the orc (D:6)
  3 bullfrogs
  A scorpion (D:4)
  3 killer bees (D:7)
  2 hounds
  2 jellies
  5 orc priests
  7 orc wizards
  An iguana (D:4)
  Natasha (thrice) (D:2)
  4 gnolls
  7 adders
  4 white imps (D:6)
  2 ufetubi (D:6)
  5 dart slugs
  A ribbon worm (D:2)
  21 orcs
  5 ball pythons
  6 endoplasms
  5 giant cockroaches
  3 goblins
  11 hobgoblins
  7 kobolds
  4 quokkas
  6 bats
  4 frilled lizards
  8 rats
137 creatures vanquished.

Vanquished Creatures (others)
  448 foxfires
448 creatures vanquished.

Grand Total: 585 creatures vanquished

Notes
Turn   | Place    | Note
-------+----------+-------------------------------------------
     0 | D:1      | Malachi the Demigod Fire Elementalist began the quest for
                  | the Orb.
     0 | D:1      | Reached XP level 1. HP: 14/14 MP: 5/5
    55 | D:1      | Reached skill level 1 in Conjurations
   259 | D:1      | Reached XP level 2. HP: 20/20 MP: 1/7
  1022 | D:1      | Learned a level 2 spell: Scorch
  1124 | D:2      | Noticed Natasha
  1129 | D:2      | Killed Natasha
  1130 | D:2      | Reached XP level 3. HP: 17/26 MP: 3/9
  1133 | D:2      | Noticed Natasha
  1138 | D:2      | Killed Natasha
  1139 | D:2      | Reached XP level 4. HP: 25/33 MP: 0/10
  1234 | D:2      | Noticed Natasha
  1366 | D:2      | Killed Natasha
  1465 | D:2      | Identified the ring "Allih" {rC+ MP+9}
  1845 | D:2      | Found a runed translucent door.
  1846 | D:2      | Noticed Crazy Yiuf
  2171 | D:2      | Learned a level 3 spell: Volatile Blastmotes
  2404 | D:3      | Found Emorhod's Weapon Shoppe.
  2465 | D:3      | Reached XP level 5. HP: 38/38 MP: 9/12
  2982 | D:3      | Noticed Grinder
  2991 | D:3      | Killed Grinder
  2992 | D:3      | Reached XP level 6. HP: 17/45 MP: 10/14
  3595 | D:3      | Learned a level 4 spell: Flame Wave
  4276 | D:4      | Reached XP level 7. HP: 50/50 MP: 16/16
  4455 | D:4      | Reached skill level 5 in Fire Magic
  4822 | D:5      | Entered Level 5 of the Dungeon
  5917 | D:6      | Reached skill level 5 in Spellcasting
  5917 | D:6      | Reached skill level 5 in Conjurations
  5919 | D:6      | Reached XP level 8. HP: 38/57 MP: 19/19
  6519 | D:6      | Noticed Blork the orc
  6526 | D:6      | Killed Blork the orc
  6785 | D:6      | Found a staircase to the Ecumenical Temple.
  7574 | D:7      | Noticed a two-headed ogre
  7578 | D:7      | Slain by a two-headed ogre

Illustrated notes

Levels and vault maps discovered:
D:1:      tarquinn_simple_flora_water_a, layout_rooms
D:2:      layout_rooms, basic_altar, uniq_crazy_yiuf_cottage, uniq_natasha
D:3:      minmay_chambers_of_twos, layout_basic, yredelemnul_altar_generic,
          tso_oasis_becter, shapermc_ecumenical_altar_notcrosses, serial_shops,
          nicolae_shop_window_shopping, hex_medium, uniq_grinder
D:4:      layout_basic, cheibriados_altar_1, serial_park_tiny_1
D:5:      layout_basic, led_sif_pool
D:6:      layout_cave_pools, grunt_temple_overflow_growth_and_decay,
          mainiacjoe_overflow_paths, minmay_temple_entry_offerings,
          uniq_blork_the_orc
D:7:      layout_basic, uniq_jeremiah

Skill      XL: |  1  2  3  4  5  6  7  8 |
---------------+-------------------------+-----
Conjurations   | 1 2 3 4 5 6 |  6.1
Spellcasting   | 2 3 4 5 |  5.9
Fire Magic     | 3 4 5 6 |  6.7
Dodging        | |  1.7
Stealth        | |  1.7

Action                     |  1- 3 |  4- 6 |  7- 9 || total
---------------------------+-------+-------+-------++-------
  Melee: Dagger            |    20 |    45 |       ||    65
         Short sword       |       |    14 |    40 ||    54
         Punch             |       |     1 |       ||     1
   Cast: Foxfire           |    72 |    91 |    97 ||   260
         Scorch            |     1 |    27 |    48 ||    76
         Volatile Blastmot |       |     6 |     2 ||     8
    Use: Scroll            |       |     8 |     5 ||    13
   Stab: Sleeping          |       |     3 |     1 ||     4
 Armour: Robe              |    20 |    74 |    77 ||   171
  Dodge: Dodged            |    26 |    60 |    86 ||   172

Table legend: (Time is in decaauts)
 A = Elapsed time spent in this place.
 B = Non-inter-level travel time spent in this place.
 C = Inter-level travel time spent in this place.
 D = Time resting spent in this place.
 E = Time spent auto-exploring this place.
 F = Levels seen in this place.
 G = Mean time per level.
                   A        B        C        D        E       F      G
               +--------+--------+--------+--------+--------+-----+--------+
         Total |   7582 |   7403 |    179 |    856 |   5390 |   7 | 1083.1 |
       Dungeon |   7582 |   7403 |    179 |    856 |   5390 |   7 | 1083.1 |
               +--------+--------+--------+--------+--------+-----+--------+

Top non-repeatable levels by time:
     D:3: 1405 daAuts
     D:4: 1310 daAuts
     D:6: 1254 daAuts
     D:1: 1126 daAuts
     D:2: 1063 daAuts
     D:5: 998 daAuts
     D:7: 423 daAuts
